 Dungeon Crawl Stone Soup version 0.25-a0-661-g55ea3d2053 (webtiles) character file.

Game seed: 2644077883931124514, levelgen mode: deterministic

2149 DasRunzen the Ducker (level 8, -6/74 HPs)
             Began as a Demigod Gladiator on Mar 23, 2020.
             Killed from afar by a lava snake (9 damage)
             ... with a glob of lava
             ... on level 7 of the Dungeon.
             The game lasted 00:17:36 (6909 turns).

DasRunzen the Ducker (Demigod Gladiator)            Turns: 6909, Time: 00:17:36

Health: -6/74      AC:  8    Str: 17    XL:     8   Next: 84%
Magic:  17/17      EV: 31    Int: 16    God:
Gold:   288        SH:  0    Dex: 19    Spells: 15/15 levels left

rFire    . . .     SeeInvis +   a - +0 long sword
rCold    . . .     Gourm    .   (no shield)
rNeg     . . .     Faith    .   o - +0 leather armour (curse)
rPois    +         Spirit   .   c - +1 helmet
rElec    .         Reflect  .   r - +0 cloak
rCorr    .         Harm     .   (no gloves)
MR       .....                  n - +0 pair of boots
Stlth    +.........             g - amulet of the acrobat
HPRegen  0.22/turn              h - ring of see invisible
MPRegen  0.15/turn              k - ring of poison resistance

@: acrobat
A: agile 1, deterioration 1, high mp 1, robust 1
a: no special abilities


You were on level 7 of the Dungeon.
You were hungry.

You visited 1 branch of the dungeon, and saw 7 of its levels.

You collected 338 gold pieces.
You spent 50 gold pieces at shops.

Inventory:

Hand Weapons
 a - a +0 long sword (weapon)
Missiles
 d - 6 throwing nets (quivered)
Armour
 c - a +1 helmet (worn)
 n - a +0 pair of boots (worn)
 o - a cursed +0 leather armour (worn)
 r - a +0 cloak (worn)
Jewellery
 g - an amulet of the acrobat (around neck)
 h - a ring of see invisible (left hand)
 k - a ring of poison resistance (right hand)
 l - a +4 ring of dexterity
 s - a cursed -2 ring of strength {unknown}
 u - an uncursed ring of protection from magic {unknown}
 v - a +4 ring of strength {unknown}
 y - a +2 ring of strength {unknown}
Wands
 q - a wand of paralysis (9)
Scrolls
 b - a scroll of remove curse
 j - 2 scrolls of teleportation
 t - a scroll of magic mapping
 z - a scroll of fear
Potions
 e - 4 potions of curing
 i - 2 potions of heal wounds
 m - 3 potions of stabbing
 p - a potion of magic
 w - a potion of flight
 x - a potion of haste {unknown}
Comestibles
 f - 12 rations


   Skills:
 + Level 5.1 Fighting
 + Level 5.6 Long Blades
 - Level 1.7 Throwing
 + Level 4.7 Armour
 + Level 5.6 Dodging
 + Level 4.2 Spellcasting


You had 15 spell levels left.
You didn't know any spells.
Your spell library contained the following spells:

 Spells                   Type           Power        Failure   Level  Hunger
 Animate Skeleton         Necr           N/A          21%         1    None
 Pain                     Necr           #...         21%         1    None
 Vampiric Draining        Necr           #.........   52%         3    ###....
 Animate Dead             Necr           N/A          89%         4    ####...
 Agony                    Necr           #.......     99%         5    ######.


Dungeon Overview and Level Annotations

Branches:
Dungeon (7/15)             Temple (0/1) D:4

Shops:
D:4 !   D:7 %


Innate Abilities, Weirdness & Mutations

You have an increased reservoir of magic. (+10% MP)
You are agile. (Dex +2)
Your body sometimes deteriorates upon taking damage.
You are robust. (+10% HP)


Message History

The lava snake spits lava at you. The glob of lava misses you.
The lava snake spits lava at you. The glob of lava misses you.
You closely miss the lava snake.
The lava snake is moderately wounded.
The lava snake bites you.
You are engulfed in flames.
The lava snake bites you.
You are engulfed in flames.
You barely miss the lava snake.
The lava snake is moderately wounded.
The lava snake closely misses you. The lava snake barely misses you.
The lava snake completely misses you. The lava snake spits lava at you.
The glob of lava hits you!!
* * * LOW HITPOINT WARNING * * *
The lava snake spits lava at you. The glob of lava misses you.
The lava snake spits lava at you. The glob of lava hits you!
You die...

#######...######
#######.........
.........#######
#######+##########.##
#≈≈≈≈SS§≈≈§§≈≈# #.#
#≈≈≈≈§§§..§§§§# #.#
#≈≈≈.......≈≈≈# #.#
#≈≈....⌠....≈≈# #.#
#≈...≈§.≈≈@..≈# #.########
#≈...≈...≈...≈####......#..
+...⌠..⌠..⌠(..'.........>.#
#≈.§.≈...≈...≈#########.###
#§...§≈.§≈).§§# #.#
#§§....⌠....§§# #.###
§§§..:...§§§# #<..#
≈§.§.[.≈≈≈≈# ###.#
≈≈≈≈.≈≈≈≈§≈# #.#


You could see 2 lava snakes.

Vanquished Creatures
  Duvessa (D:4)
  An orc warrior (D:5)
  2 phantoms
  4 centaurs
  2 ogres
  2 bullfrogs (D:6)
  Dowan (D:4)
  2 crimson imps
  3 orc priests
  A centaur zombie (D:6)
  Crazy Yiuf (D:3)
  4 bullfrog zombies (D:6)
  4 hounds
  A centaur skeleton (D:6)
  An orc wizard (D:4)
  3 iguanas
  3 worker ants
  Natasha (thrice) (D:3)
  3 hound skeletons
  A hound zombie (D:6)
  A worker ant zombie (D:6)
  A howler monkey skeleton (D:4)
  7 adders
  6 gnolls (D:4)
  A shadow imp (D:6)
  2 oozes
  An adder zombie (D:6)
  An adder skeleton (D:5)
  A worm (D:2)
  A dart slug (D:1)
  2 leopard geckos
  20 orcs
  5 giant cockroaches
  16 hobgoblins
  10 jackals
  4 quokkas
  8 bats
  4 frilled lizards
  A giant cockroach zombie (D:6)
  12 goblins
  15 kobolds
  A quokka zombie (D:6)
  11 rats
174 creatures vanquished.

Notes
Turn   | Place    | Note
-------+----------+-------------------------------------------
     0 | D:1      | DasRunzen the Demigod Gladiator began the quest for the
                  | Orb.
     0 | D:1      | Reached XP level 1. HP: 17/17 MP: 3/3
   189 | D:1      | Reached XP level 2. HP: 16/24 MP: 4/4
   662 | D:1      | Gained mutation: Your body sometimes deteriorates upon
                  | taking damage. [potion of mutation]
   662 | D:1      | Gained mutation: You are robust. (+10% HP) [potion of
                  | mutation]
   662 | D:1      | Gained mutation: You are agile. (Dex +2) [potion of
                  | mutation]
   695 | D:2      | Noticed an ogre
   706 | D:2      | Killed an ogre
   706 | D:2      | Reached skill level 1 in Armour
   706 | D:2      | Reached skill level 1 in Spellcasting
   706 | D:2      | Reached XP level 3. HP: 18/33 MP: 5/7
   706 | D:2      | Reached XP level 4. HP: 22/40 MP: 5/8
  1745 | D:3      | Noticed Natasha
  1757 | D:3      | Killed Natasha
  1757 | D:3      | Reached XP level 5. HP: 21/46 MP: 8/10
  1944 | D:3      | Noticed Natasha
  1996 | D:3      | Killed Natasha
  2015 | D:3      | Noticed Natasha
  2026 | D:3      | Killed Natasha
  2091 | D:3      | Found a runed translucent door.
  2092 | D:3      | Noticed Crazy Yiuf
  2100 | D:3      | Killed Crazy Yiuf
  3011 | D:4      | Reached XP level 6. HP: 32/56 MP: 11/11
  3346 | D:4      | Noticed Duvessa
  3348 | D:4      | Noticed Dowan
  3373 | D:4      | HP: 2/56 [Duvessa/puff of flame (4)]
  3388 | D:4      | Killed Duvessa
  3396 | D:4      | HP: 2/56 [Dowan/+5 dagger of venom (1)]
  3398 | D:4      | Killed Dowan
  3698 | D:4      | Found Faf Mick's Distillery.
  3706 | D:4      | Bought a potion of heal wounds for 50 gold pieces
  3822 | D:4      | Reached XP level 7. HP: 57/62 MP: 13/13
  4189 | D:4      | Found a staircase to the Ecumenical Temple.
  5007 | D:5      | Entered Level 5 of the Dungeon
  5601 | D:6      | Reached XP level 8. HP: 68/72 MP: 16/16
  5652 | D:6      | Reached skill level 5 in Dodging
  5756 | D:6      | Reached skill level 5 in Long Blades
  6816 | D:7      | Found Fela Tao's Food Shoppe.
  6859 | D:7      | Reached skill level 5 in Fighting
  6906 | D:7      | HP: 2/74 [lava snake/glob of lava (22)]
  6909 | D:7      | Killed from afar by a lava snake

Levels and vault maps discovered:
D:1:      minmay_arrival_four_loops, layout_loops_ring
D:2:      kennysheep_six_static_rooms, layout_basic, guppyfry_early_lair_pool
D:3:      layout_loops_corners, first_ration, uniq_crazy_yiuf_cottage,
          uniq_natasha
D:4:      corexii_shantytown, layout_loops_corners,
          minmay_temple_entry_proselytizer, serial_shops, shop,
          hangedman_abyss_or_decor_stagger, minmay_crystal_room,
          eino_small_chamber_without_monster, kennysheep_cross_room,
          uniq_duvessa
D:5:      layout_rooms
D:6:      layout_loops_cross, serial_undead, serial_undead_c, serial_undead_b,
          serial_undead_a, serial_undead_a, serial_undead_c, serial_undead_a
D:7:      layout_loops_ring, serial_shops, shop_coins, kennysheep_generic_room_2

Skill      XL: |  1  2  3  4  5  6  7  8 |
---------------+-------------------------+-----
Fighting       | 2 3 4 5 |  5.1
Long Blades    | 3 4 5 |  5.6
Armour         | 1 2 3 4 |  4.7
Dodging        | 3 4 5 |  5.6
Spellcasting   | 1 2 3 4 |  4.2
Throwing       | |  1.7

Action                   |  1- 3 |  4- 6 |  7- 9 || total
-------------------------+-------+-------+-------++-------
Melee: Long sword        |    67 |   232 |   375 ||   674
  Use: Scroll            |     3 |     7 |     9 ||    19
       Potion            |     1 |     5 |       ||     6
 Stab: Sleeping          |       |     7 |     4 ||    11
       Distracted        |       |       |     1 ||     1
  Eat: Chunk             |       |     9 |    11 ||    20
Armor: Leather armour    |    21 |    52 |    88 ||   161
Dodge: Dodged            |    63 |   209 |   349 ||   621
       Rpst.: Long sword |    28 |    63 |   108 ||   199

Table legend:
 A = Non-vault XP
 B = Vault XP
 C = Vault XP percentage of total XP
 D = Non-vault monster count
 E = Vault monster count
 F = Vault count percentage of total count
                 A         B        C        D         E       F
            +---------+---------+-------+---------+---------+-------
      Total |    2274 |     796 |  25.9 |     117 |      57 |  32.8
            +---------+---------+-------+---------+---------+-------
        D:1 |      39 |       0 |   0.0 |      24 |       0 |   0.0
        D:2 |     155 |      27 |  14.8 |      15 |       6 |  28.6
        D:3 |     150 |      79 |  34.5 |      23 |       2 |   8.0
        D:4 |     244 |     413 |  62.9 |      15 |      38 |  71.7
        D:5 |     696 |       0 |   0.0 |      15 |       0 |   0.0
        D:6 |     716 |     225 |  23.9 |      19 |       9 |  32.1
        D:7 |     274 |      52 |  16.0 |       6 |       2 |  25.0
            +---------+---------+-------+---------+---------+-------
